Thunder vs Gangsters
Created - 25 avril 2013 at 18:59
Goals
|
| Thunder |
2 |
6 |
2 |
10 |
| Gangsters |
0 |
3 |
6 |
9 |
|
Shots
|
| Thunder |
10 |
19 |
14 |
43 |
| Gangsters |
10 |
14 |
19 |
43 |
|
1st period
1. Thunder , Scott Parse 20 (Adam Hall, Derek Peltier) at 5:40
2. Thunder , Daniel Winnik 8 (Joey Ryan, Tom Pyatt) at 13:11
Penalties :
Ville Koistinen (Bro) for Boarding (Minor) at 0:48, Dany Roussin (TRO) for Hooking (Minor) at 0:48, Jerred Smithson (TRO) for Interference (Minor) at 10:36
2nd period
3. Thunder , Alexei Semenov 6 (Pierre-Alexandre Parenteau) at 2:47 (PP)
4. Thunder , Daniel Winnik 9 (Jeff Finger, Tom Pyatt) at 6:11
5. Thunder , Pierre-Alexandre Parenteau 23 (Jerred Smithson) at 8:45
6. Gangsters , Igor Radulov 21 (Chris Bourque, Matt Read) at 10:35
7. Thunder , Scott Parse 21 (Shawn Matthias, Joey Ryan) at 12:07
8. Thunder , Shawn Matthias 13 (Scott Parse, Derek Peltier) at 12:24
9. Thunder , Scott Parse 22 (Alexei Semenov, Shawn Matthias) at 12:30
10. Gangsters , Matt Read 10 (Alexei Emelin, Jaroslav Balastik) at 17:35
11. Gangsters , Cory Murphy 11 (Mike Commodore) at 17:51
Penalties :
Nick Foligno (Bro) for Hooking (Minor) at 2:15, Chris Bourque (Bro) for Diving (Minor) at 17:52
3rd period
12. Gangsters , Jaroslav Balastik 49 (Cory Murphy, Tim Jackman) at 5:47 (PP)
13. Thunder , Tom Pyatt 11 (Jeff Finger, Jerred Smithson) at 7:31
14. Gangsters , Jaroslav Balastik 50 (Chris Bourque) at 8:47 (PP)
15. Gangsters , Jaroslav Balastik 51 (Matt Read) at 10:07
16. Gangsters , Jaroslav Balastik 52 (Chris Bourque, Tim Jackman) at 12:37
17. Gangsters , Chris Bourque 14 (Matt Read, Dave Steckel) at 12:57
18. Thunder , Scott Parse 23 (Ray Macias, Adam Hall) at 14:30
19. Gangsters , Mike Commodore 10 (Matt Read) at 15:52 (PP)
Penalties :
Jerred Smithson (TRO) for Holding (Minor) at 1:05, Shawn Matthias (TRO) for Hooking (Minor) at 5:16, Joey Crabb (TRO) for Holding (Minor) at 8:39, Alexei Semenov (TRO) for Tripping (Minor) at 14:47, Ryan Jones (Bro) for Roughing (Minor) at 17:44, Jerred Smithson (TRO) for Goalie Interference (Minor) at 17:44
Goalie Stats
Adam Munro (TRO), 34 saves from 43 shots - (0,791), W, 22-18-0, 60:00 minutes
David LeNeveu (Bro), 7 saves from 11 shots - (0,636), 18:46 minutes
Steve Valiquette (Bro), 26 saves from 32 shots - (0,813), L, 29-16-4, 41:01 minutes
Players Stats for Thunder
Player Name G A P +/- PIM S H SB GA TA FO MP PP MP PK MP
------------------------------------------------------------------------------------
Adam Hall 0 2 2 3 0 8 2 2 4 0 4/11 24:48 1:26 3:22
Alexei Semenov 1 1 2 -2 2 5 1 3 0 0 0/0 30:21 1:45 3:14
Casey Pierro-Zabotel 0 0 0 0 0 0 0 0 0 0 0/0 0:00 0:00 0:00
Colby Cohen 0 0 0 0 0 0 0 0 0 0 0/0 3:24 0:00 0:00
Colton Gillies 0 0 0 -2 0 0 0 0 0 0 0/0 6:06 0:00 0:00
Daniel Winnik 2 0 2 1 0 5 1 0 0 0 0/0 12:44 0:00 0:54
Dany Roussin 0 0 0 1 2 2 2 0 1 1 0/0 15:46 1:05 1:21
Derek Peltier 0 2 2 3 0 3 0 2 0 0 0/0 20:01 0:46 1:56
Doug Janik 0 0 0 -2 0 4 5 2 0 2 0/0 27:30 1:45 3:46
Jannik Hansen 0 0 0 -2 0 0 0 0 0 0 0/0 6:06 0:00 0:00
Jeff Finger 0 2 2 3 0 1 0 0 0 0 0/0 20:01 0:46 1:56
Jerred Smithson 0 2 2 1 6 0 2 0 0 0 6/12 14:14 1:05 0:00
Joey Crabb 0 0 0 1 2 0 1 1 0 1 0/0 11:51 0:00 1:05
Joey Ryan 0 2 2 2 0 0 0 0 0 0 0/0 9:37 0:00 0:32
Jon Kalinski 0 0 0 0 0 0 0 0 0 0 0/0 0:00 0:00 0:00
Kelly Zajac 0 0 0 -2 0 0 0 0 0 0 0/2 6:06 0:00 0:00
Pierre-Alexandre Parente 1 1 2 1 0 3 0 0 0 1 1/2 19:23 1:05 3:09
Ray Macias 0 1 1 2 0 1 0 1 0 1 0/0 9:05 0:00 0:00
Scott Parse 4 1 5 3 0 7 2 2 0 1 0/3 21:55 1:26 1:21
Shawn Matthias 1 2 3 3 2 3 1 0 0 0 24/48 19:08 1:26 0:00
Tom Pyatt 1 2 3 1 0 1 1 0 0 1 3/5 12:07 0:00 0:12
Players Stats for Gangsters
Player Name G A P +/- PIM S H SB GA TA FO MP PP MP PK MP
------------------------------------------------------------------------------------
Alexei Emelin 0 1 1 0 0 2 0 2 0 0 0/0 19:35 1:59 1:32
Artem Anisimov 0 0 0 -3 0 0 0 1 1 0 3/5 7:42 0:00 0:00
Ben Holmstrom 0 0 0 0 0 0 0 0 0 0 0/0 0:00 0:00 0:00
Bradley Malone 0 0 0 0 0 0 0 0 0 0 0/0 0:00 0:00 0:00
Brock Bradford 0 0 0 0 0 0 0 0 0 0 0/2 2:15 0:05 0:59
Bryan Young 0 0 0 -1 0 0 0 0 0 0 0/0 3:29 0:00 0:00
Byron Ritchie 0 0 0 -1 0 3 5 0 0 0 9/17 16:34 2:25 0:03
Chris Bourque 1 3 4 -1 2 3 2 0 0 0 15/27 22:51 1:49 0:00
Cory Murphy 1 1 2 -3 0 4 3 3 0 2 0/0 30:56 3:43 0:59
Dave Steckel 0 1 1 -1 0 2 2 0 0 0 6/14 8:19 0:00 0:03
Igor Radulov 1 0 1 -1 0 2 2 1 2 0 0/1 17:15 2:25 1:16
Jaroslav Balastik 4 1 5 2 0 11 2 2 2 0 1/1 25:36 3:17 1:01
Luke Gazdic 0 0 0 0 0 0 0 0 0 0 0/0 0:00 0:00 0:00
Matt Read 1 4 5 -1 0 3 4 0 0 0 3/3 18:46 1:19 0:00
Mike Commodore 1 1 2 -2 0 1 1 1 1 1 0/0 27:27 3:43 0:59
Mikko Lehtonen 0 0 0 1 0 0 0 0 0 0 0/0 1:00 0:30 0:00
Nick Foligno 0 0 0 -3 2 1 1 0 1 0 0/0 7:52 0:00 0:11
Ryan Jones 0 0 0 -3 2 4 2 0 0 1 3/4 11:45 0:00 1:29
Ryan Keller 0 0 0 0 0 1 0 0 0 0 0/0 5:21 0:46 0:00
Shaun Heska 0 0 0 0 0 0 0 1 0 0 0/0 9:29 0:00 0:00
Staffan Kronwall 0 0 0 0 0 0 0 0 0 0 0/0 19:35 1:59 1:32
Tim Jackman 0 2 2 2 0 5 1 0 1 0 0/0 22:37 3:17 0:00
Valtteri Filppula 0 0 0 0 0 1 0 0 0 1 5/9 5:33 1:13 0:00
Ville Koistinen 0 0 0 0 2 0 0 1 0 0 0/0 9:30 0:00 0:00
3 Stars
1 - Scott Parse (TRO)
2 - Jaroslav Balastik (Bro)
3 - Matt Read (Bro)
Power Play
Thunder - 1 on 2 Attempt(s) - 50,00%
Gangsters - 3 on 5 Attempt(s) - 60,00%
Penalty Kill
Thunder - 2 on 5 Attempt(s) - 40,00%
- Score 0 goal in Penalty Kill
Gangsters - 1 on 2 Attempt(s) - 50,00%
- Score 0 goal in Penalty Kill
Official
Referees : Morton Dean and Joannette Marc
Linesman : Steve Miller and Andy McElman
Game Notes
Valtteri Filppula is injured at 15:17 of 1st period (Right Foot)
Ryan Keller is injured at 0:26 of 2nd period (Bruised Right Shoulder)
David LeNeveu enters game at 8:45 of 2nd period
Scott Parse has scored a Hat Trick!
Steve Valiquette enters game at 7:31 of 3rd period
Jaroslav Balastik has scored a Hat Trick!
Thunder
5 vs 5 Forward
Center Left Wing Right Wing Time % Phy DF OF
1 Shawn Matthias Scott Parse Adam Hall 40 1 2 2
2 Jerred Smithson Dany Roussin Pierre-Alexandre Parentea30 1 2 2
3 Tom Pyatt Daniel Winnik Joey Crabb 20 1 2 2
4 Kelly Zajac Colton Gillies Jannik Hansen 10 1 2 2
5 vs 5 Defense
Defense Defense Time % Phy DF OF
1 Alexei Semenov Doug Janik 40 1 2 2
2 Jeff Finger Derek Peltier 30 1 2 2
3 Ray Macias Joey Ryan 20 1 2 2
4 Colby Cohen Alexei Semenov 10 1 2 2
PowerPlay Forward
Center Left Wing Right Wing Time % Phy DF OF
1 Shawn Matthias Scott Parse Adam Hall 60 1 2 2
2 Jerred Smithson Dany Roussin Pierre-Alexandre Parentea40 1 2 2
PowerPlay Defense
Defense Defense Time % Phy DF OF
1 Alexei Semenov Doug Janik 60 1 2 2
2 Jeff Finger Derek Peltier 40 1 2 2
Penalty Kill 4 Players Forward
Center Wing Time % Phy DF OF
1 Adam Hall Pierre-Alexandre Parentea60 1 2 2
2 Scott Parse Dany Roussin 40 1 2 2
Penalty Kill 4 Players Defense
Defense Defense Time % Phy DF OF
1 Alexei Semenov Doug Janik 60 1 2 2
2 Jeff Finger Derek Peltier 40 1 2 2
Penalty Kill - 3 Players Forward
Forward Time % Phy DF OF
1 Adam Hall 60 1 2 2
2 Pierre-Alexandre Parentea 40 1 2 2
Penalty Kill - 3 Players Defense
Defense Defense Time % Phy DF OF
1 Alexei Semenov Doug Janik 60 1 2 2
2 Jeff Finger Derek Peltier 40 1 2 2
4 vs 4 Forward
Center Wing Time % Phy DF OF
1 Adam Hall Pierre-Alexandre Parentea60 1 2 2
2 Scott Parse Dany Roussin 40 1 2 2
4 vs 4 Defense
Defense Defense Time % Phy DF OF
1 Alexei Semenov Doug Janik 60 1 2 2
2 Jeff Finger Derek Peltier 40 1 2 2
Last Minutes Offensive
Center Left Wing Right Wing Defense Defense
Shawn Matthias Scott Parse Adam Hall Alexei Semenov Doug Janik
Last Minutes Defensive
Center Left Wing Right Wing Defense Defense
Shawn Matthias Scott Parse Adam Hall Alexei Semenov Doug Janik
Goaltenders
Starting : Adam Munro
Backup : Semyon Varlamov
Extra Forwards
Normal : Daniel Winnik, Tom Pyatt, Joey Crabb - PP : Daniel Winnik, Tom Pyatt - PK : Joey Crabb
Extra Defensemen
Normal : Ray Macias, Joey Ryan, Colby Cohen - PP : Ray Macias - PK : Joey Ryan, Colby Cohen
Penalty Shots
Adam Hall, Pierre-Alexandre Parenteau, Scott Parse, Dany Roussin, Shawn Matthias
Gangsters
5 vs 5 Forward
Center Left Wing Right Wing Time % Phy DF OF
1 Valtteri Filppula Jaroslav Balastik Tim Jackman 40 1 2 2
2 Byron Ritchie Igor Radulov Ryan Keller 30 1 2 2
3 Dave Steckel Chris Bourque Matt Read 20 1 2 2
4 Artem Anisimov Nick Foligno Ryan Jones 10 1 2 2
5 vs 5 Defense
Defense Defense Time % Phy DF OF
1 Cory Murphy Mike Commodore 40 1 2 2
2 Staffan Kronwall Alexei Emelin 30 1 2 2
3 Ville Koistinen Shaun Heska 20 1 2 2
4 Bryan Young Cory Murphy 10 1 2 2
PowerPlay Forward
Center Left Wing Right Wing Time % Phy DF OF
1 Valtteri Filppula Jaroslav Balastik Tim Jackman 60 1 2 2
2 Byron Ritchie Igor Radulov Ryan Keller 40 1 2 2
PowerPlay Defense
Defense Defense Time % Phy DF OF
1 Cory Murphy Mike Commodore 60 1 2 2
2 Staffan Kronwall Alexei Emelin 40 1 2 2
Penalty Kill 4 Players Forward
Center Wing Time % Phy DF OF
1 Valtteri Filppula Jaroslav Balastik 60 1 2 2
2 Byron Ritchie Dave Steckel 40 1 2 2
Penalty Kill 4 Players Defense
Defense Defense Time % Phy DF OF
1 Cory Murphy Mike Commodore 60 1 2 2
2 Staffan Kronwall Alexei Emelin 40 1 2 2
Penalty Kill - 3 Players Forward
Forward Time % Phy DF OF
1 Valtteri Filppula 60 1 2 2
2 Jaroslav Balastik 40 1 2 2
Penalty Kill - 3 Players Defense
Defense Defense Time % Phy DF OF
1 Cory Murphy Mike Commodore 60 1 2 2
2 Staffan Kronwall Alexei Emelin 40 1 2 2
4 vs 4 Forward
Center Wing Time % Phy DF OF
1 Valtteri Filppula Jaroslav Balastik 60 1 2 2
2 Byron Ritchie Dave Steckel 40 1 2 2
4 vs 4 Defense
Defense Defense Time % Phy DF OF
1 Cory Murphy Mike Commodore 60 1 2 2
2 Staffan Kronwall Alexei Emelin 40 1 2 2
Last Minutes Offensive
Center Left Wing Right Wing Defense Defense
Valtteri Filppula Jaroslav Balastik Tim Jackman Cory Murphy Mike Commodore
Last Minutes Defensive
Center Left Wing Right Wing Defense Defense
Valtteri Filppula Jaroslav Balastik Tim Jackman Cory Murphy Mike Commodore
Goaltenders
Starting : Steve Valiquette
Backup : David LeNeveu
Extra Forwards
Normal : Chris Bourque, Matt Read, Ryan Jones - PP : Chris Bourque, Matt Read - PK : Ryan Jones
Extra Defensemen
Normal : Ville Koistinen, Shaun Heska, Bryan Young - PP : Ville Koistinen - PK : Shaun Heska, Bryan Young
Penalty Shots
Valtteri Filppula, Jaroslav Balastik, Byron Ritchie, Dave Steckel, Tim Jackman
% Time on Ice - Thunder
Lines # - Real PCT - Wanted PCT - Time Play
Normal Forward
1 - 38% - 40% - 17:54
2 - 27% - 30% - 12:52
3 - 23% - 20% - 10:47
4 - 13% - 10% - 6:06
Normal Defense
1 - 41% - 40% - 19:32
2 - 33% - 30% - 15:38
3 - 19% - 20% - 9:05
4 - 7% - 10% - 3:24
PP Forward
1 - 57% - 60% - 1:26
2 - 43% - 40% - 1:05
PP Defense
1 - 70% - 60% - 1:45
2 - 30% - 40% - 0:46
PK Forward
1 - 76% - 60% - 4:21
2 - 24% - 40% - 1:21
PK Defense
1 - 66% - 60% - 3:46
2 - 34% - 40% - 1:56
PK3 Forward
1 - 0% - 60%
2 - 0% - 40%
PK3 Defense
1 - 0% - 60%
2 - 0% - 40%
44 Forward
1 - 64% - 60% - 2:33
2 - 36% - 40% - 1:25
44 Defense
1 - 58% - 60% - 2:17
2 - 42% - 40% - 1:41
Last Minute Offensive - 0:00
Last Minute Defensive - 0:10
Total
Forward - 60:00
Defense - 60:00
|
% Time on Ice - Gangsters
Lines # - Real PCT - Wanted PCT - Time Play
Normal Forward
1 - 40% - 40% - 19:05
2 - 28% - 30% - 13:19
3 - 16% - 20% - 7:27
4 - 16% - 10% - 7:42
Normal Defense
1 - 42% - 40% - 20:04
2 - 31% - 30% - 14:31
3 - 20% - 20% - 9:29
4 - 7% - 10% - 3:29
PP Forward
1 - 58% - 60% - 3:17
2 - 42% - 40% - 2:25
PP Defense
1 - 65% - 60% - 3:43
2 - 35% - 40% - 1:59
PK Forward
1 - 98% - 60% - 2:28
2 - 2% - 40% - 0:03
PK Defense
1 - 39% - 60% - 0:59
2 - 61% - 40% - 1:32
PK3 Forward
1 - 0% - 60%
2 - 0% - 40%
PK3 Defense
1 - 0% - 60%
2 - 0% - 40%
44 Forward
1 - 80% - 60% - 3:11
2 - 20% - 40% - 0:47
44 Defense
1 - 61% - 60% - 2:25
2 - 39% - 40% - 1:33
Last Minute Offensive - 0:16
Last Minute Defensive - 0:00
Total
Forward - 60:00
Defense - 60:00
|
Play by Play
1st period
0:01 of 1st period - Valtteri Filppula wins face-off versus Shawn Matthias in neutral zone.
0:25 of 1st period - Pierre-Alexandre Parenteau is hit by Igor Radulov and loses puck.
0:39 of 1st period - Icing by Alexei Semenov.
0:40 of 1st period - Jerred Smithson wins face-off versus Dave Steckel in Thunder zone.
0:48 of 1st period - Minor Penalty to Ville Koistinen for Boarding.
0:48 of 1st period - Minor Penalty to Dany Roussin for Hooking.
0:49 of 1st period - Adam Hall wins face-off versus Valtteri Filppula in Gangsters zone.
2:29 of 1st period - Cory Murphy is hit by Doug Janik and loses puck.
2:36 of 1st period - Alexei Semenov is hit by Matt Read and loses puck.
2:48 of 1st period - Penalty to Ville Koistinen is over, Ville Koistinen is back on ice.
2:48 of 1st period - Penalty to Dany Roussin is over, Dany Roussin is back on ice.
3:15 of 1st period - Wrist shot by Byron Ritchie.
3:15 of 1st period - Stopped by Adam Munro with a rebound.
3:43 of 1st period - Derek Peltier is hit by Dave Steckel and loses puck.
4:18 of 1st period - Wrist shot by Byron Ritchie.
4:18 of 1st period - Deflect By Jeff Finger.
4:18 of 1st period - Shot Blocked by Derek Peltier.
4:18 of 1st period - Puck is out of play.
4:19 of 1st period - Byron Ritchie wins face-off versus Jerred Smithson in Thunder zone.
4:25 of 1st period - Off-side.
4:26 of 1st period - Shawn Matthias wins face-off versus Valtteri Filppula in neutral zone.
5:40 of 1st period - Wrist shot by Scott Parse.
5:40 of 1st period - Goal by Scott Parse - Thunder : 1 - Gangsters : 0.
5:41 of 1st period - Valtteri Filppula wins face-off versus Shawn Matthias in neutral zone.
6:15 of 1st period - Snap shot by Pierre-Alexandre Parenteau.
6:15 of 1st period - Stopped by Steve Valiquette with a rebound.
6:41 of 1st period - Off-side.
6:42 of 1st period - Jaroslav Balastik wins face-off versus Shawn Matthias in neutral zone.
8:38 of 1st period - Slapshot by Ryan Keller.
8:38 of 1st period - Stopped by Adam Munro with a rebound.
8:54 of 1st period - Dany Roussin is hit by Dave Steckel and loses puck.
8:59 of 1st period - Snap shot by Dave Steckel.
8:59 of 1st period - Shot Misses the Net.
9:01 of 1st period - Wrist shot by Dave Steckel.
9:01 of 1st period - Stopped by Adam Munro with a rebound.
9:03 of 1st period - Wrist shot by Dave Steckel.
9:03 of 1st period - Shot Misses the Net.
9:05 of 1st period - Wrist shot by Matt Read.
9:05 of 1st period - Shot Misses the Net.
9:34 of 1st period - Derek Peltier is hit by Ryan Jones and loses puck.
9:41 of 1st period - Snap shot by Ryan Jones.
9:41 of 1st period - Stopped by Adam Munro with a rebound.
9:56 of 1st period - Derek Peltier is hit by Cory Murphy and loses puck.
10:33 of 1st period - Snap shot by Dave Steckel.
10:33 of 1st period - Shot Misses the Net.
10:35 of 1st period - Snap shot by Valtteri Filppula.
10:35 of 1st period - Shot Misses the Net.
10:36 of 1st period - Minor Penalty to Jerred Smithson for Interference.
10:37 of 1st period - Adam Hall wins face-off versus Valtteri Filppula in Thunder zone.
10:50 of 1st period - Slapshot by Valtteri Filppula.
10:50 of 1st period - Stopped by Adam Munro without a rebound.
10:51 of 1st period - Valtteri Filppula wins face-off versus Adam Hall in Thunder zone.
12:36 of 1st period - Penalty to Jerred Smithson is over, Jerred Smithson is back on ice.
12:57 of 1st period - Snap shot by Derek Peltier.
12:57 of 1st period - Shot Blocked by Alexei Emelin.
12:59 of 1st period - Wrist shot by Derek Peltier.
12:59 of 1st period - Stopped by Steve Valiquette with a rebound.
13:01 of 1st period - Wrist shot by Derek Peltier.
13:01 of 1st period - Deflect By Staffan Kronwall.
13:01 of 1st period - Stopped by Steve Valiquette without a rebound.
13:02 of 1st period - Tom Pyatt wins face-off versus Artem Anisimov in Gangsters zone.
13:07 of 1st period - Snap shot by Tom Pyatt.
13:07 of 1st period - Shot Blocked by Shaun Heska.
13:11 of 1st period - Wrist shot by Daniel Winnik.
13:11 of 1st period - Goal by Daniel Winnik - Thunder : 2 - Gangsters : 0.
13:12 of 1st period - Shawn Matthias wins face-off versus Valtteri Filppula in neutral zone.
13:46 of 1st period - Icing by Pierre-Alexandre Parenteau.
13:47 of 1st period - Valtteri Filppula wins face-off versus Pierre-Alexandre Parenteau in Thunder zone.
15:15 of 1st period - Slapshot by Doug Janik.
15:15 of 1st period - Deflect By Cory Murphy.
15:15 of 1st period - Stopped by Steve Valiquette without a rebound.
15:16 of 1st period - Valtteri Filppula wins face-off versus Shawn Matthias in Gangsters zone.
15:16 of 1st period - Valtteri Filppula is hit by Scott Parse.
15:17 of 1st period - Valtteri Filppula from Gangsters is injured at 15:17 of 1st period (Right Foot).
15:18 of 1st period - Adam Hall wins face-off versus Chris Bourque in Gangsters zone.
15:19 of 1st period - Slapshot by Alexei Semenov.
15:19 of 1st period - Shot Misses the Net.
15:21 of 1st period - Wrist shot by Scott Parse.
15:21 of 1st period - Shot Blocked by Cory Murphy.
15:54 of 1st period - Snap shot by Tim Jackman.
15:54 of 1st period - Stopped by Adam Munro with a rebound.
16:00 of 1st period - Staffan Kronwall is hit by Doug Janik and loses puck.
16:13 of 1st period - Wrist shot by Jaroslav Balastik.
16:13 of 1st period - Stopped by Adam Munro without a rebound.
16:14 of 1st period - Byron Ritchie wins face-off versus Jerred Smithson in Thunder zone.
16:41 of 1st period - Derek Peltier is hit by Byron Ritchie and loses puck.
16:51 of 1st period - Icing by Byron Ritchie.
16:52 of 1st period - Byron Ritchie wins face-off versus Shawn Matthias in Gangsters zone.
17:01 of 1st period - Snap shot by Byron Ritchie.
17:01 of 1st period - Deflect By Alexei Semenov.
17:01 of 1st period - Shot Misses the Net.
17:01 of 1st period - Puck is out of play.
17:02 of 1st period - Chris Bourque wins face-off versus Shawn Matthias in Thunder zone.
17:34 of 1st period - Slapshot by Scott Parse.
17:34 of 1st period - Deflect By Staffan Kronwall.
17:34 of 1st period - Stopped by Steve Valiquette with a rebound.
17:44 of 1st period - Snap shot by Jaroslav Balastik.
17:44 of 1st period - Stopped by Adam Munro without a rebound.
17:45 of 1st period - Jerred Smithson wins face-off versus Byron Ritchie in Thunder zone.
17:45 of 1st period - Jerred Smithson is hit by Cory Murphy.
17:59 of 1st period - Backhand shot by Igor Radulov.
17:59 of 1st period - Shot Misses the Net.
18:39 of 1st period - Slapshot by Dave Steckel.
18:39 of 1st period - Stopped by Adam Munro with a rebound.
19:07 of 1st period - Wrist shot by Dany Roussin.
19:07 of 1st period - Stopped by Steve Valiquette with a rebound.
19:15 of 1st period - Snap shot by Pierre-Alexandre Parenteau.
19:15 of 1st period - Stopped by Steve Valiquette with a rebound.
19:29 of 1st period - Backhand shot by Ryan Jones.
19:29 of 1st period - Stopped by Adam Munro without a rebound.
19:30 of 1st period - Tom Pyatt wins face-off versus Artem Anisimov in Thunder zone.
19:35 of 1st period - Artem Anisimov is hit by Daniel Winnik and loses puck.
19:52 of 1st period - Snap shot by Tom Pyatt.
19:52 of 1st period - Deflect By Daniel Winnik.
19:52 of 1st period - Stopped by Steve Valiquette with a rebound.
2nd period
0:01 of 2nd period - Chris Bourque wins face-off versus Shawn Matthias in neutral zone.
0:25 of 2nd period - Ryan Keller is hit by Doug Janik and loses puck.
0:26 of 2nd period - Ryan Keller from Gangsters is injured at 0:26 of 2nd period (Bruised Right Shoulder).
0:27 of 2nd period - Shawn Matthias wins face-off versus Chris Bourque in Gangsters zone.
0:30 of 2nd period - Slapshot by Alexei Semenov.
0:30 of 2nd period - Shot Blocked by Jaroslav Balastik.
0:38 of 2nd period - Snap shot by Adam Hall.
0:38 of 2nd period - Stopped by Steve Valiquette with a rebound.
0:42 of 2nd period - Snap shot by Adam Hall.
0:42 of 2nd period - Stopped by Steve Valiquette with a rebound.
0:52 of 2nd period - Mike Commodore is hit by Doug Janik and loses puck.
1:01 of 2nd period - Snap shot by Daniel Winnik.
1:01 of 2nd period - Shot Misses the Net.
1:03 of 2nd period - Slapshot by Daniel Winnik.
1:03 of 2nd period - Stopped by Steve Valiquette without a rebound.
1:04 of 2nd period - Byron Ritchie wins face-off versus Shawn Matthias in Gangsters zone.
1:11 of 2nd period - Wrist shot by Igor Radulov.
1:11 of 2nd period - Shot Blocked by Scott Parse.
1:13 of 2nd period - Slapshot by Byron Ritchie.
1:13 of 2nd period - Shot Misses the Net.
1:15 of 2nd period - Wrist shot by Matt Read.
1:15 of 2nd period - Shot Misses the Net.
1:17 of 2nd period - Wrist shot by Matt Read.
1:17 of 2nd period - Shot Misses the Net.
1:19 of 2nd period - Slapshot by Matt Read.
1:19 of 2nd period - Deflect By Igor Radulov.
1:19 of 2nd period - Stopped by Adam Munro without a rebound.
1:20 of 2nd period - Jerred Smithson wins face-off versus Chris Bourque in Thunder zone.
1:27 of 2nd period - Slapshot by Alexei Semenov.
1:27 of 2nd period - Shot Misses the Net.
1:29 of 2nd period - Slapshot by Alexei Semenov.
1:29 of 2nd period - Stopped by Steve Valiquette with a rebound.
2:14 of 2nd period - Slapshot by Cory Murphy.
2:14 of 2nd period - Shot Misses the Net.
2:15 of 2nd period - Minor Penalty to Nick Foligno for Hooking.
2:16 of 2nd period - Shawn Matthias wins face-off versus Ryan Jones in Gangsters zone.
2:47 of 2nd period - Wrist shot by Alexei Semenov.
2:47 of 2nd period - Goal by Alexei Semenov - Thunder : 3 - Gangsters : 0.
2:48 of 2nd period - Shawn Matthias wins face-off versus Chris Bourque in neutral zone.
2:51 of 2nd period - Cory Murphy is hit by Scott Parse and loses puck.
3:00 of 2nd period - Chris Bourque is hit by Adam Hall and loses puck.
3:22 of 2nd period - Wrist shot by Daniel Winnik.
3:22 of 2nd period - Shot Misses the Net.
3:45 of 2nd period - Wrist shot by Jaroslav Balastik.
3:45 of 2nd period - Deflect By Pierre-Alexandre Parenteau.
3:45 of 2nd period - Stopped by Adam Munro with a rebound.
3:50 of 2nd period - Off-side.
3:51 of 2nd period - Byron Ritchie wins face-off versus Adam Hall in neutral zone.
4:04 of 2nd period - Wrist shot by Scott Parse.
4:04 of 2nd period - Deflect By Adam Hall.
4:04 of 2nd period - Stopped by Steve Valiquette with a rebound.
4:06 of 2nd period - Snap shot by Adam Hall.
4:06 of 2nd period - Stopped by Steve Valiquette without a rebound.
4:07 of 2nd period - Jerred Smithson wins face-off versus Byron Ritchie in Gangsters zone.
4:18 of 2nd period - Slapshot by Alexei Emelin.
4:18 of 2nd period - Stopped by Adam Munro without a rebound.
4:19 of 2nd period - Byron Ritchie wins face-off versus Shawn Matthias in Thunder zone.
4:26 of 2nd period - Snap shot by Adam Hall.
4:26 of 2nd period - Stopped by Steve Valiquette with a rebound.
4:32 of 2nd period - Doug Janik is hit by Byron Ritchie and loses puck.
4:43 of 2nd period - Staffan Kronwall is hit by Alexei Semenov and loses puck.
4:48 of 2nd period - Snap shot by Pierre-Alexandre Parenteau.
4:48 of 2nd period - Shot Hit the Post.
4:50 of 2nd period - Wrist shot by Dany Roussin.
4:50 of 2nd period - Shot Blocked by Alexei Emelin.
4:52 of 2nd period - Wrist shot by Dany Roussin.
4:52 of 2nd period - Stopped by Steve Valiquette without a rebound.
4:53 of 2nd period - Chris Bourque wins face-off versus Shawn Matthias in Gangsters zone.
5:15 of 2nd period - Icing by Ville Koistinen.
5:16 of 2nd period - Artem Anisimov wins face-off versus Jerred Smithson in Gangsters zone.
5:43 of 2nd period - Mike Commodore is hit by Doug Janik and loses puck.
6:11 of 2nd period - Slapshot by Daniel Winnik.
6:11 of 2nd period - Goal by Daniel Winnik - Thunder : 4 - Gangsters : 0.
6:12 of 2nd period - Matt Read wins face-off versus Shawn Matthias in neutral zone.
6:19 of 2nd period - Snap shot by Dave Steckel.
6:19 of 2nd period - Shot Blocked by Alexei Semenov.
6:26 of 2nd period - Off-side.
6:27 of 2nd period - Chris Bourque wins face-off versus Jerred Smithson in neutral zone.
8:24 of 2nd period - Off-side.
8:25 of 2nd period - Shawn Matthias wins face-off versus Brock Bradford in neutral zone.
8:43 of 2nd period - Icing by Byron Ritchie.
8:44 of 2nd period - Jerred Smithson wins face-off versus Igor Radulov in Gangsters zone.
8:45 of 2nd period - Slapshot by Pierre-Alexandre Parenteau.
8:45 of 2nd period - Goal by Pierre-Alexandre Parenteau - Thunder : 5 - Gangsters : 0.
8:45 of 2nd period - David LeNeveu enters game.
8:46 of 2nd period - Shawn Matthias wins face-off versus Dave Steckel in neutral zone.
8:49 of 2nd period - Slapshot by Alexei Semenov.
8:49 of 2nd period - Shot Blocked by Mike Commodore.
8:51 of 2nd period - Wrist shot by Shawn Matthias.
8:51 of 2nd period - Stopped by David LeNeveu without a rebound.
8:52 of 2nd period - Dave Steckel wins face-off versus Shawn Matthias in Gangsters zone.
9:07 of 2nd period - Slapshot by Doug Janik.
9:07 of 2nd period - Shot Blocked by Cory Murphy.
9:18 of 2nd period - Icing by Mike Commodore.
9:19 of 2nd period - Ryan Jones wins face-off versus Jerred Smithson in Gangsters zone.
9:36 of 2nd period - Jerred Smithson is hit by Jaroslav Balastik and loses puck.
10:00 of 2nd period - Off-side.
10:01 of 2nd period - Chris Bourque wins face-off versus Shawn Matthias in neutral zone.
10:04 of 2nd period - Shawn Matthias is hit by Matt Read and loses puck.
10:35 of 2nd period - Wrist shot by Igor Radulov.
10:35 of 2nd period - Goal by Igor Radulov - Thunder : 5 - Gangsters : 1.
10:36 of 2nd period - Chris Bourque wins face-off versus Shawn Matthias in neutral zone.
10:43 of 2nd period - Snap shot by Jaroslav Balastik.
10:43 of 2nd period - Deflect By Chris Bourque.
10:43 of 2nd period - Stopped by Adam Munro with a rebound.
10:45 of 2nd period - Slapshot by Jaroslav Balastik.
10:45 of 2nd period - Shot Blocked by Adam Hall.
10:47 of 2nd period - Slapshot by Chris Bourque.
10:47 of 2nd period - Shot Misses the Net.
11:01 of 2nd period - Bryan Young is hit by Jerred Smithson and loses puck.
11:08 of 2nd period - Alexei Semenov is hit by Byron Ritchie and loses puck.
12:05 of 2nd period - Snap shot by Shawn Matthias.
12:05 of 2nd period - Stopped by David LeNeveu with a rebound.
12:07 of 2nd period - Wrist shot by Scott Parse.
12:07 of 2nd period - Goal by Scott Parse - Thunder : 6 - Gangsters : 1.
12:08 of 2nd period - Dave Steckel wins face-off versus Shawn Matthias in neutral zone.
12:11 of 2nd period - Shawn Matthias is hit by Matt Read and loses puck.
12:24 of 2nd period - Snap shot by Shawn Matthias.
12:24 of 2nd period - Goal by Shawn Matthias - Thunder : 7 - Gangsters : 1.
12:25 of 2nd period - Shawn Matthias wins face-off versus Chris Bourque in neutral zone.
12:30 of 2nd period - Snap shot by Scott Parse.
12:30 of 2nd period - Goal by Scott Parse - Thunder : 8 - Gangsters : 1.
12:31 of 2nd period - Shawn Matthias wins face-off versus Chris Bourque in neutral zone.
12:34 of 2nd period - Mike Commodore is hit by Shawn Matthias and loses puck.
12:39 of 2nd period - Wrist shot by Adam Hall.
12:39 of 2nd period - Shot Blocked by Cory Murphy.
12:41 of 2nd period - Snap shot by Doug Janik.
12:41 of 2nd period - Stopped by David LeNeveu without a rebound.
12:42 of 2nd period - Shawn Matthias wins face-off versus Chris Bourque in Gangsters zone.
13:07 of 2nd period - Jerred Smithson is hit by Byron Ritchie and loses puck.
13:12 of 2nd period - Wrist shot by Byron Ritchie.
13:12 of 2nd period - Stopped by Adam Munro without a rebound.
13:13 of 2nd period - Byron Ritchie wins face-off versus Jerred Smithson in Thunder zone.
13:24 of 2nd period - Snap shot by Byron Ritchie.
13:24 of 2nd period - Stopped by Adam Munro without a rebound.
13:25 of 2nd period - Shawn Matthias wins face-off versus Chris Bourque in Thunder zone.
13:31 of 2nd period - Doug Janik is hit by Tim Jackman and loses puck.
13:40 of 2nd period - Wrist shot by Tim Jackman.
13:40 of 2nd period - Deflect By Jaroslav Balastik.
13:40 of 2nd period - Stopped by Adam Munro without a rebound.
13:41 of 2nd period - Tom Pyatt wins face-off versus Byron Ritchie in Thunder zone.
14:00 of 2nd period - Doug Janik is hit by Mike Commodore and loses puck.
14:13 of 2nd period - Slapshot by Jaroslav Balastik.
14:13 of 2nd period - Shot Misses the Net.
14:15 of 2nd period - Snap shot by Jaroslav Balastik.
14:15 of 2nd period - Deflect By Matt Read.
14:15 of 2nd period - Stopped by Adam Munro with a rebound.
14:17 of 2nd period - Wrist shot by Matt Read.
14:17 of 2nd period - Shot Misses the Net.
14:19 of 2nd period - Snap shot by Tim Jackman.
14:19 of 2nd period - Deflect By Matt Read.
14:19 of 2nd period - Stopped by Adam Munro without a rebound.
14:20 of 2nd period - Chris Bourque wins face-off versus Shawn Matthias in Thunder zone.
14:45 of 2nd period - Byron Ritchie is hit by Dany Roussin.
15:05 of 2nd period - Wrist shot by Daniel Winnik.
15:05 of 2nd period - Shot Hit the Post.
15:07 of 2nd period - Snap shot by Daniel Winnik.
15:07 of 2nd period - Stopped by David LeNeveu with a rebound.
15:09 of 2nd period - Snap shot by Daniel Winnik.
15:09 of 2nd period - Shot Misses the Net.
15:30 of 2nd period - Snap shot by Cory Murphy.
15:30 of 2nd period - Shot Hit the Post.
15:51 of 2nd period - Alexei Semenov is hit by Jaroslav Balastik and loses puck.
16:26 of 2nd period - Backhand shot by Tim Jackman.
16:26 of 2nd period - Shot Blocked by Ray Macias.
16:28 of 2nd period - Snap shot by Tim Jackman.
16:28 of 2nd period - Stopped by Adam Munro with a rebound.
16:30 of 2nd period - Snap shot by Jaroslav Balastik.
16:30 of 2nd period - Shot Misses the Net.
16:54 of 2nd period - Snap shot by Tim Jackman.
16:54 of 2nd period - Shot Misses the Net.
16:56 of 2nd period - Snap shot by Matt Read.
16:56 of 2nd period - Shot Misses the Net.
17:31 of 2nd period - Wrist shot by Jaroslav Balastik.
17:31 of 2nd period - Stopped by Adam Munro with a rebound.
17:33 of 2nd period - Slapshot by Alexei Emelin.
17:33 of 2nd period - Shot Misses the Net.
17:35 of 2nd period - Slapshot by Matt Read.
17:35 of 2nd period - Goal by Matt Read - Thunder : 8 - Gangsters : 2.
17:36 of 2nd period - Shawn Matthias wins face-off versus Byron Ritchie in neutral zone.
17:51 of 2nd period - Slapshot by Cory Murphy.
17:51 of 2nd period - Deflect By Doug Janik.
17:51 of 2nd period - Goal by Cory Murphy - Thunder : 8 - Gangsters : 3.
17:52 of 2nd period - Shawn Matthias wins face-off versus Byron Ritchie in neutral zone.
17:52 of 2nd period - Minor Penalty to Chris Bourque for Diving.
17:53 of 2nd period - Byron Ritchie wins face-off versus Scott Parse in Gangsters zone.
18:27 of 2nd period - Slapshot by Alexei Semenov.
18:27 of 2nd period - Stopped by David LeNeveu without a rebound.
18:28 of 2nd period - Ryan Jones wins face-off versus Shawn Matthias in Gangsters zone.
19:03 of 2nd period - Slapshot by Derek Peltier.
19:03 of 2nd period - Deflect By Jerred Smithson.
19:03 of 2nd period - Shot Misses the Net.
19:03 of 2nd period - Puck is out of play.
19:04 of 2nd period - Shawn Matthias wins face-off versus Brock Bradford in Gangsters zone.
19:52 of 2nd period - Penalty to Chris Bourque is over, Chris Bourque is back on ice.
3rd period
0:01 of 3rd period - Shawn Matthias wins face-off versus Dave Steckel in neutral zone.
0:49 of 3rd period - Pierre-Alexandre Parenteau is hit by Chris Bourque and loses puck.
0:56 of 3rd period - Slapshot by Jeff Finger.
0:56 of 3rd period - Shot Blocked by Jaroslav Balastik.
0:58 of 3rd period - Wrist shot by Dany Roussin.
0:58 of 3rd period - Shot Blocked by Ville Koistinen.
1:00 of 3rd period - Slapshot by Jeff Finger.
1:00 of 3rd period - Shot Misses the Net.
1:02 of 3rd period - Slapshot by Jeff Finger.
1:02 of 3rd period - Deflect By Ville Koistinen.
1:02 of 3rd period - Stopped by David LeNeveu with a rebound.
1:04 of 3rd period - Wrist shot by Pierre-Alexandre Parenteau.
1:04 of 3rd period - Shot Misses the Net.
1:05 of 3rd period - Minor Penalty to Jerred Smithson for Holding.
1:06 of 3rd period - Chris Bourque wins face-off versus Adam Hall in Thunder zone.
1:17 of 3rd period - Wrist shot by Tim Jackman.
1:17 of 3rd period - Shot Blocked by Doug Janik.
1:19 of 3rd period - Snap shot by Cory Murphy.
1:19 of 3rd period - Shot Misses the Net.
1:29 of 3rd period - Igor Radulov is hit by Joey Crabb and loses puck.
1:50 of 3rd period - Staffan Kronwall is hit by Dany Roussin and loses puck.
2:56 of 3rd period - Icing by Staffan Kronwall.
2:57 of 3rd period - Chris Bourque wins face-off versus Tom Pyatt in Gangsters zone.
3:05 of 3rd period - Penalty to Jerred Smithson is over, Jerred Smithson is back on ice.
4:10 of 3rd period - Jaroslav Balastik is hit by Jerred Smithson and loses puck.
4:15 of 3rd period - Snap shot by Alexei Semenov.
4:15 of 3rd period - Shot Misses the Net.
4:17 of 3rd period - Slapshot by Alexei Semenov.
4:17 of 3rd period - Deflect By Pierre-Alexandre Parenteau.
4:17 of 3rd period - Shot Misses the Net.
4:17 of 3rd period - Puck is out of play.
4:18 of 3rd period - Byron Ritchie wins face-off versus Shawn Matthias in Gangsters zone.
4:18 of 3rd period - Mike Commodore is hit by Adam Hall and loses puck.
5:09 of 3rd period - Snap shot by Jeff Finger.
5:09 of 3rd period - Shot Misses the Net.
5:11 of 3rd period - Slapshot by Derek Peltier.
5:11 of 3rd period - Stopped by David LeNeveu without a rebound.
5:12 of 3rd period - Artem Anisimov wins face-off versus Shawn Matthias in Gangsters zone.
5:16 of 3rd period - Minor Penalty to Shawn Matthias for Hooking.
5:17 of 3rd period - Chris Bourque wins face-off versus Adam Hall in Thunder zone.
5:20 of 3rd period - Slapshot by Jaroslav Balastik.
5:20 of 3rd period - Stopped by Adam Munro without a rebound.
5:21 of 3rd period - Pierre-Alexandre Parenteau wins face-off versus Chris Bourque in Thunder zone.
5:32 of 3rd period - Snap shot by Tim Jackman.
5:32 of 3rd period - Stopped by Adam Munro with a rebound.
5:47 of 3rd period - Wrist shot by Cory Murphy.
5:47 of 3rd period - Deflect By Jaroslav Balastik.
5:47 of 3rd period - Goal by Jaroslav Balastik - Thunder : 8 - Gangsters : 4.
5:48 of 3rd period - Dave Steckel wins face-off versus Shawn Matthias in neutral zone.
5:59 of 3rd period - Slapshot by Doug Janik.
5:59 of 3rd period - Shot Misses the Net.
6:13 of 3rd period - Jerred Smithson is hit by Ryan Jones.
6:38 of 3rd period - Off-side.
6:39 of 3rd period - Shawn Matthias wins face-off versus Chris Bourque in neutral zone.
7:13 of 3rd period - Backhand shot by Igor Radulov.
7:13 of 3rd period - Shot Blocked by Derek Peltier.
7:15 of 3rd period - Slapshot by Alexei Emelin.
7:15 of 3rd period - Stopped by Adam Munro with a rebound.
7:17 of 3rd period - Slapshot by Staffan Kronwall.
7:17 of 3rd period - Shot Misses the Net.
7:29 of 3rd period - Wrist shot by Jeff Finger.
7:29 of 3rd period - Shot Blocked by Artem Anisimov.
7:31 of 3rd period - Snap shot by Tom Pyatt.
7:31 of 3rd period - Goal by Tom Pyatt - Thunder : 9 - Gangsters : 4.
7:31 of 3rd period - Steve Valiquette enters game.
7:32 of 3rd period - Shawn Matthias wins face-off versus Dave Steckel in neutral zone.
7:37 of 3rd period - Backhand shot by Doug Janik.
7:37 of 3rd period - Deflect By Chris Bourque.
7:37 of 3rd period - Stopped by Steve Valiquette with a rebound.
7:39 of 3rd period - Snap shot by Scott Parse.
7:39 of 3rd period - Stopped by Steve Valiquette with a rebound.
7:41 of 3rd period - Wrist shot by Adam Hall.
7:41 of 3rd period - Stopped by Steve Valiquette with a rebound.
7:47 of 3rd period - Slapshot by Adam Hall.
7:47 of 3rd period - Deflect By Cory Murphy.
7:47 of 3rd period - Stopped by Steve Valiquette without a rebound.
7:48 of 3rd period - Jerred Smithson wins face-off versus Chris Bourque in Gangsters zone.
8:03 of 3rd period - Snap shot by Pierre-Alexandre Parenteau.
8:03 of 3rd period - Shot Misses the Net.
8:39 of 3rd period - Minor Penalty to Joey Crabb for Holding.
8:40 of 3rd period - Chris Bourque wins face-off versus Adam Hall in Thunder zone.
8:41 of 3rd period - Snap shot by Jaroslav Balastik.
8:41 of 3rd period - Shot Misses the Net.
8:43 of 3rd period - Slapshot by Cory Murphy.
8:43 of 3rd period - Shot Blocked by Adam Hall.
8:45 of 3rd period - Snap shot by Tim Jackman.
8:45 of 3rd period - Stopped by Adam Munro without a rebound.
8:46 of 3rd period - Chris Bourque wins face-off versus Adam Hall in Thunder zone.
8:47 of 3rd period - Wrist shot by Jaroslav Balastik.
8:47 of 3rd period - Goal by Jaroslav Balastik - Thunder : 9 - Gangsters : 5.
8:48 of 3rd period - Shawn Matthias wins face-off versus Dave Steckel in neutral zone.
8:55 of 3rd period - Slapshot by Doug Janik.
8:55 of 3rd period - Stopped by Steve Valiquette without a rebound.
8:56 of 3rd period - Dave Steckel wins face-off versus Shawn Matthias in Gangsters zone.
9:21 of 3rd period - Slapshot by Cory Murphy.
9:21 of 3rd period - Stopped by Adam Munro with a rebound.
9:23 of 3rd period - Wrist shot by Ryan Jones.
9:23 of 3rd period - Shot Misses the Net.
9:25 of 3rd period - Slapshot by Ryan Jones.
9:25 of 3rd period - Shot Blocked by Doug Janik.
10:03 of 3rd period - Icing by Derek Peltier.
10:04 of 3rd period - Matt Read wins face-off versus Kelly Zajac in Thunder zone.
10:05 of 3rd period - Snap shot by Jaroslav Balastik.
10:05 of 3rd period - Stopped by Adam Munro with a rebound.
10:07 of 3rd period - Wrist shot by Jaroslav Balastik.
10:07 of 3rd period - Deflect By Jeff Finger.
10:07 of 3rd period - Goal by Jaroslav Balastik - Thunder : 9 - Gangsters : 6.
10:08 of 3rd period - Shawn Matthias wins face-off versus Byron Ritchie in neutral zone.
11:07 of 3rd period - Ryan Jones is hit by Tom Pyatt and loses puck.
11:14 of 3rd period - Joey Ryan is hit by Nick Foligno and loses puck.
11:31 of 3rd period - Slapshot by Cory Murphy.
11:31 of 3rd period - Deflect By Joey Ryan.
11:31 of 3rd period - Stopped by Adam Munro with a rebound.
11:33 of 3rd period - Slapshot by Cory Murphy.
11:33 of 3rd period - Stopped by Adam Munro with a rebound.
11:35 of 3rd period - Snap shot by Ryan Jones.
11:35 of 3rd period - Stopped by Adam Munro with a rebound.
11:37 of 3rd period - Slapshot by Bryan Young.
11:37 of 3rd period - Shot Misses the Net.
11:39 of 3rd period - Snap shot by Nick Foligno.
11:39 of 3rd period - Stopped by Adam Munro with a rebound.
11:41 of 3rd period - Wrist shot by Ryan Jones.
11:41 of 3rd period - Shot Blocked by Joey Crabb.
11:43 of 3rd period - Slapshot by Cory Murphy.
11:43 of 3rd period - Deflect By Nick Foligno.
11:43 of 3rd period - Shot Misses the Net.
11:43 of 3rd period - Puck is out of play.
11:44 of 3rd period - Shawn Matthias wins face-off versus Dave Steckel in Thunder zone.
12:09 of 3rd period - Jerred Smithson is hit by Igor Radulov and loses puck.
12:37 of 3rd period - Snap shot by Jaroslav Balastik.
12:37 of 3rd period - Goal by Jaroslav Balastik - Thunder : 9 - Gangsters : 7.
12:38 of 3rd period - Dave Steckel wins face-off versus Scott Parse in neutral zone.
12:41 of 3rd period - Slapshot by Mike Commodore.
12:41 of 3rd period - Shot Misses the Net.
12:43 of 3rd period - Slapshot by Dave Steckel.
12:43 of 3rd period - Shot Blocked by Scott Parse.
12:45 of 3rd period - Slapshot by Cory Murphy.
12:45 of 3rd period - Deflect By Matt Read.
12:45 of 3rd period - Shot Blocked by Alexei Semenov.
12:45 of 3rd period - Puck is out of play.
12:46 of 3rd period - Dave Steckel wins face-off versus Shawn Matthias in Thunder zone.
12:47 of 3rd period - Wrist shot by Chris Bourque.
12:47 of 3rd period - Shot Misses the Net.
12:57 of 3rd period - Wrist shot by Chris Bourque.
12:57 of 3rd period - Goal by Chris Bourque - Thunder : 9 - Gangsters : 8.
12:58 of 3rd period - Shawn Matthias wins face-off versus Byron Ritchie in neutral zone.
13:03 of 3rd period - Snap shot by Adam Hall.
13:03 of 3rd period - Shot Blocked by Igor Radulov.
13:05 of 3rd period - Wrist shot by Alexei Semenov.
13:05 of 3rd period - Deflect By Igor Radulov.
13:05 of 3rd period - Stopped by Steve Valiquette without a rebound.
13:06 of 3rd period - Shawn Matthias wins face-off versus Byron Ritchie in Gangsters zone.
13:37 of 3rd period - Backhand shot by Tim Jackman.
13:37 of 3rd period - Stopped by Adam Munro with a rebound.
13:39 of 3rd period - Slapshot by Cory Murphy.
13:39 of 3rd period - Shot Misses the Net.
13:41 of 3rd period - Wrist shot by Tim Jackman.
13:41 of 3rd period - Shot Misses the Net.
13:53 of 3rd period - Slapshot by Alexei Semenov.
13:53 of 3rd period - Stopped by Steve Valiquette without a rebound.
13:54 of 3rd period - Artem Anisimov wins face-off versus Kelly Zajac in Gangsters zone.
14:16 of 3rd period - Icing by Ryan Jones.
14:17 of 3rd period - Shawn Matthias wins face-off versus Dave Steckel in Gangsters zone.
14:18 of 3rd period - Snap shot by Adam Hall.
14:18 of 3rd period - Shot Misses the Net.
14:20 of 3rd period - Wrist shot by Scott Parse.
14:20 of 3rd period - Stopped by Steve Valiquette without a rebound.
14:21 of 3rd period - Shawn Matthias wins face-off versus Dave Steckel in Gangsters zone.
14:26 of 3rd period - Wrist shot by Adam Hall.
14:26 of 3rd period - Stopped by Steve Valiquette with a rebound.
14:28 of 3rd period - Backhand shot by Ray Macias.
14:28 of 3rd period - Stopped by Steve Valiquette with a rebound.
14:30 of 3rd period - Slapshot by Scott Parse.
14:30 of 3rd period - Goal by Scott Parse - Thunder : 10 - Gangsters : 8.
14:31 of 3rd period - Chris Bourque wins face-off versus Shawn Matthias in neutral zone.
14:47 of 3rd period - Minor Penalty to Alexei Semenov for Tripping.
14:48 of 3rd period - Adam Hall wins face-off versus Chris Bourque in Thunder zone.
15:15 of 3rd period - Adam Hall is hit by Byron Ritchie and loses puck.
15:35 of 3rd period - Pierre-Alexandre Parenteau is hit by Matt Read and loses puck.
15:52 of 3rd period - Slapshot by Mike Commodore.
15:52 of 3rd period - Goal by Mike Commodore - Thunder : 10 - Gangsters : 9.
15:53 of 3rd period - Chris Bourque wins face-off versus Tom Pyatt in neutral zone.
16:37 of 3rd period - Derek Peltier is hit by Chris Bourque and loses puck.
17:44 of 3rd period - Minor Penalty to Ryan Jones for Roughing.
17:44 of 3rd period - Minor Penalty to Jerred Smithson for Goalie Interference.
17:45 of 3rd period - Chris Bourque wins face-off versus Adam Hall in Gangsters zone.
17:54 of 3rd period - Wrist shot by Chris Bourque.
17:54 of 3rd period - Stopped by Adam Munro with a rebound.
18:10 of 3rd period - Pierre-Alexandre Parenteau is hit by Cory Murphy and loses puck.
18:24 of 3rd period - Icing by Staffan Kronwall.
18:25 of 3rd period - Matt Read wins face-off versus Scott Parse in Gangsters zone.
18:35 of 3rd period - Wrist shot by Alexei Emelin.
18:35 of 3rd period - Shot Misses the Net.
19:44 of 3rd period - Penalty to Ryan Jones is over, Ryan Jones is back on ice.
19:44 of 3rd period - Penalty to Jerred Smithson is over, Jerred Smithson is back on ice.
19:47 of 3rd period - Gangsters, Steve Valiquette is pulled from the net.
19:47 of 3rd period - Slapshot by Mike Commodore.
19:47 of 3rd period - Shot Blocked by Alexei Semenov.
19:49 of 3rd period - Slapshot by Ryan Jones.
19:49 of 3rd period - Stopped by Adam Munro without a rebound.
19:50 of 3rd period - Doug Gilmour call a timeout for Gangsters.
19:50 of 3rd period - Ryan Jones wins face-off versus Shawn Matthias in Thunder zone.
Output by the SimonT Hockey Simulator (STHS) for François Prévost -- Original Page W3C XHTML 1.0 Valid